 Dungeon Crawl Stone Soup version 0.32-a0-571-gec57dfcd37 (webtiles) character file.

Game seed: 1865459703314558885

6066 CougarLife the Geomancer (level 10, -6/50 HPs)
             Began as a Gargoyle Earth Elementalist on Mar 1, 2024.
             Was a Priest of Vehumet.
             Mangled by Snorg (19 damage)
             ... on level 10 of the Dungeon.
             The game lasted 00:15:59 (9659 turns).

CougarLife the Geomancer (GrEE)                     Turns: 9659, Time: 00:16:00

Health: -6/50      AC: 14    Str: 12    XL:     10   Next: 87%
Magic:  10/22      EV: 17    Int: 20    God:    Vehumet [***...]
Gold:   787        SH:  0    Dex: 10    Spells: 22/26 levels left

rFire   . . .        J - +1 dagger (venom)
rCold   . . .        (no shield)
rNeg    + . .        a - +0 robe
rPois   ∞            (no helmet)
rElec   +            z - +2 cloak {rPois}
rCorr   .            G - +0 pair of gloves
SInv    .            u - +0 pair of boots
Will    .....        n - amulet of magic regeneration
Stlth   ++           D - +5 ring of evasion
HPRegen 0.28/turn    (no ring)
MPRegen 0.58/turn

%: no passive effects
@: no status effects
A: sickness immunity, AC +7, negative energy resistance 1, electricity
resistance, torment resistance 1, petrification resistance
a: Renounce Religion


You were on level 10 of the Dungeon.
You worshipped Vehumet.
Vehumet was most pleased with you.
You visited 2 branches of the dungeon, and saw 11 of its levels.
You also visited: Sewer.

You collected 787 gold pieces.

Inventory:

Hand Weapons
 J - a +1 dagger of venom (weapon)
Missiles
 m - 2 throwing nets
 F - a curare-tipped dart
Armour
 a - a +0 robe (worn)
 u - a +0 pair of boots (worn)
 z - a +2 cloak of poison resistance (worn)
 G - a +0 pair of gloves (worn)
Jewellery
 n - an amulet of magic regeneration (around neck)
 D - a +5 ring of evasion (left hand)
Wands
 e - a wand of light (3)
 w - a wand of paralysis (6)
 y - a wand of flame (60)
 A - a wand of warping (13)
Scrolls
 c - 2 scrolls of blinking
 d - a scroll of fear {unknown}
 h - 5 scrolls of enchant armour
 i - a scroll of torment {unknown}
 j - 3 scrolls of teleportation
 l - a scroll of brand weapon {unknown}
 o - a scroll of summoning {unknown}
 B - 2 scrolls of vulnerability {unknown}
 C - a scroll of silence {unknown}
 H - a scroll of immolation {unknown}
Potions
 b - 3 potions of magic
 f - a potion of attraction
 g - 2 potions of ambrosia
 k - 2 potions of lignification
 p - 8 potions of heal wounds
 q - a potion of haste {unknown}
 r - 2 potions of mutation
 s - a potion of resistance {unknown}
 t - 3 potions of might
 v - 2 potions of invisibility
 x - 4 potions of curing
 I - 2 potions of enlightenment


   Skills:
 - Level 2.9 Dodging
 - Level 4.1 Stealth
 + Level 8.5 Spellcasting
 + Level 9.8 Conjurations
 + Level 11.2 Earth Magic


You had 22 spell levels left.
You knew the following spells:

 Your Spells              Type           Power      Damage    Failure   Level
a - Sandblast             Erth           100%       2d20      1%          1
b - Stone Arrow           Conj/Erth      100%       3d13      1%          3

Your spell library contained the following spells:

 Spells                   Type           Power      Damage    Failure   Level
 Mercury Vapours          Alch/Air       16%        N/A       3%          2
 Passwall                 Erth           52%        N/A       1%          3
 Brom's Barrelling Bould  Conj/Erth      50%        2d7       1%          4
 Frozen Ramparts          Ice            16%        1d3       7%          3
 Leda's Liquefaction      Alch/Erth      15%        N/A       8%          4
 Petrify                  Alch/Erth      31%        N/A       8%          4
 Ensorcelled Hibernation  Hex/Ice        16%        N/A       12%         2
 Fugue of the Fallen      Necr           8%         N/A       24%         3
 Anguish                  Hex/Necr       4%         N/A       63%         4
 Metabolic Englaciation   Hex/Ice        4%         N/A       92%         5


Dungeon Overview and Level Annotations

Branches:
Dungeon (10/15)            Temple (1/1) D:4            Lair (0/5) D:9
    Orc (0/2) D:9           Sewer (visited)

Altars:
Ashenzari
Cheibriados
Dithmenos
Fedhas
Gozag
Hepliaklqana
Kikubaaqudgha
Makhleb
Nemelex Xobeh
Okawaru
Qazlal
Ru
Sif Muna
Trog
Uskayaw
Vehumet
Wu Jian
Xom
Yredelemnul
Zin
The Shining One
Beogh

Shops:
D:7 *   D:9 (

Annotations:
D:7 3 runed translucent doors, MadMike78's ghost, novice DsAl
D:10 3 runed translucent doors, Snorg


Innate Abilities, Weirdness & Mutations

You are immune to sickness and miasma.
Your stone body is resilient. (AC +7)
You are immune to poison.
You resist negative energy. (rN+)
You are resistant to electric shocks. (rElec)
You are resistant to unholy torment.
You are immune to petrification.


Message History

Press: ? - help, Shift-Dir - straight line, f - Snorg
Aim: Snorg (lightly wounded, 78% to hit)
The stone arrow hits Snorg!
Snorg is moderately wounded.
Snorg closely misses you. Snorg claws you. Snorg closely misses you.
Casting: Stone Arrow (safe; 1% risk of failure)
Confirm with . or Enter, or press ? or * to list all spells.
Aiming: Stone Arrow (safe; 1% risk of failure)
Press: ? - help, Shift-Dir - straight line, f/p - Snorg
Aim: Snorg (moderately wounded, 78% to hit)
The stone arrow hits Snorg!!
Snorg is severely wounded.
Snorg goes berserk!
Casting: Stone Arrow (safe; 1% risk of failure)
Confirm with . or Enter, or press ? or * to list all spells.
Aiming: Stone Arrow (safe; 1% risk of failure)
Press: ? - help, Shift-Dir - straight line, f/p - Snorg
Aim: Snorg (severely wounded, berserk, 78% to hit)
The stone arrow hits Snorg!!
Snorg is almost dead.
Snorg closely misses you. Snorg completely misses you. Snorg misses you.
Casting: Stone Arrow (safe; 1% risk of failure)
Confirm with . or Enter, or press ? or * to list all spells.
Aiming: Stone Arrow (safe; 1% risk of failure)
Press: ? - help, Shift-Dir - straight line, f/p - Snorg
Aim: Snorg (almost dead, berserk, 78% to hit)
The stone arrow hits Snorg!
Snorg is almost dead.
Snorg barely misses you. Snorg claws you! Snorg claws you. Snorg bites you!!
* * * LOW HITPOINT WARNING * * *
Snorg claws you but does no damage. x2
Casting: Stone Arrow (safe; 1% risk of failure)
Confirm with . or Enter, or press ? or * to list all spells.
Aiming: Stone Arrow (safe; 1% risk of failure)
Press: ? - help, Shift-Dir - straight line, f/p - Snorg
Aim: Snorg (almost dead, berserk, 78% to hit)
The stone arrow hits Snorg!
Snorg is almost dead.
Snorg bites you!!
You die...

#.####...## #.###
#.# #....###'### #.#
#..........# #.#
#....#.....#
####'####..≈~~~~~~.#
#........~≈≈≈≈≈≈≈~~~
+.......~~≈≈≈≈≈≈≈≈≈≈
#.....~≈≈≈≈≈≈≈≈≈≈≈≈≈
#..@....~≈≈≈≈≈≈≈≈≈≈≈
#..T.~~≈~≈≈≈≈≈≈≈≈≈≈≈
#..~~~≈~≈≈≈≈ ≈≈≈≈≈≈
#....?≈≈≈≈≈≈ ≈≈≈≈≈≈
....~~~≈≈≈≈≈ ≈≈≈≈≈≈
....##.##≈≈≈≈ ≈≈≈≈≈
#.... .# ≈≈≈≈ ≈≈≈≈≈
#.... .# ≈≈ ≈≈##


You could see Snorg (berserk).

Vanquished Creatures
  A two-headed ogre (D:8)
  Sigmund (D:3)
  2 wyverns (D:9)
  A warg (D:9)
  3 water moccasins (D:7)
  2 sky beasts
  2 black bears (D:8)
  6 orc warriors
  7 centaurs
  2 wolves (D:9)
  3 kobold brigands
  Blork the orc (D:6)
  2 bullfrogs (D:8)
  A gnoll sergeant (D:9)
  6 scorpions
  3 wights (D:8)
  10 killer bees
  3 electric eels
  5 howler monkeys
  8 orc priests
  2 hounds (D:6)
  A bullfrog zombie (D:5)
  A centaur zombie (D:5)
  Crazy Yiuf (D:5)
  A gnoll bouda (D:7)
  2 sleepcaps
  3 iguanas
  12 orc wizards
  The ghost of ragingrage the Sneak, a weakling DrDe (D:5)
  7 gnolls
  8 adders
  A shadow imp (D:6)
  4 white imps
  8 ufetubi
  3 dart slugs
  4 ribbon worms
  32 orcs
  9 ball pythons
  9 endoplasms
  8 giant cockroaches
  3 hobgoblins
  4 jackals
  24 kobolds
  2 quokkas
  6 bats
  A frilled lizard (D:1)
  9 goblins
  8 rats
243 creatures vanquished.

Notes
Turn   | Place    | Note
-------+----------+-------------------------------------------
     0 | D:1      | CougarLife the Gargoyle Earth Elementalist began the quest
                  | for the Orb.
     0 | D:1      | Reached XP level 1. HP: 10/10 MP: 3/3
   154 | D:1      | Reached XP level 2. HP: 15/15 MP: 3/5
   482 | D:1      | Reached XP level 3. HP: 19/19 MP: 3/6
   883 | D:1      | Reached skill level 4 in Earth Magic
  1036 | D:2      | Found a faded altar of an unknown god.
  1736 | D:2      | Identified the +1 rapier "Aceottef" {flame, *Rage Will-
                  | MP+9 Dex+6}
  1922 | D:3      | Noticed a kobold brigand
  1927 | D:3      | Noticed Sigmund
  1936 | D:2      | Killed a kobold brigand
  1937 | D:2      | Reached XP level 4. HP: 7/24 MP: 5/8
  1937 | D:2      | Reached XP level 5. HP: 8/28 MP: 5/9
  2292 | D:3      | Killed Sigmund
  2293 | D:3      | Reached skill level 5 in Earth Magic
  2293 | D:3      | Reached XP level 6. HP: 12/32 MP: 7/10
  2377 | D:3      | Learned a level 3 spell: Stone Arrow
  2560 | D:3      | Found a snail-covered altar of Cheibriados.
  2819 | D:4      | Found a staircase to the Ecumenical Temple.
  2848 | D:4      | Reached XP level 7. HP: 28/36 MP: 10/12
  3015 | D:4      | Found a glowing drain.
  3019 | Sewer    | Entered a sewer
  3725 | D:5      | Entered Level 5 of the Dungeon
  3762 | D:5      | Found a sparkling altar of Nemelex Xobeh.
  4154 | D:5      | Found a runed translucent door.
  4155 | D:5      | Noticed Crazy Yiuf
  4167 | D:5      | Killed Crazy Yiuf
  4234 | D:5      | Found a shadowy altar of Dithmenos.
  4408 | Temple   | Entered the Ecumenical Temple
  4413 | Temple   | Became a worshipper of Vehumet
  4696 | D:5      | Found a runed translucent gate.
  4696 | D:5      | Found a runed translucent gate.
  4696 | D:5      | Found a runed translucent gate.
  4696 | D:5      | Noticed ragingrage's ghost (weakling DrDe)
  4698 | D:5      | Found a basalt altar of Yredelemnul.
  4706 | D:5      | Reached skill level 6 in Earth Magic
  4765 | D:5      | Found a blossoming altar of Fedhas.
  4931 | D:5      | Killed ragingrage's ghost
  4999 | D:6      | Reached XP level 8. HP: 25/41 MP: 12/14
  5002 | D:6      | Reached skill level 5 in Conjurations
  5297 | D:5      | Reached skill level 5 in Spellcasting
  5297 | D:5      | Reached skill level 7 in Earth Magic
  5665 | D:6      | Reached * piety under Vehumet
  5665 | D:6      | Offered knowledge of Magic Dart by Vehumet.
  5811 | D:6      | Noticed Blork the orc
  5814 | D:6      | Killed Blork the orc
  5937 | D:6      | Found a bloodstained altar of Trog.
  5941 | D:6      | Found a shimmering blue altar of Sif Muna.
  6103 | D:7      | Reached XP level 9. HP: 45/45 MP: 15/17
  6107 | D:7      | Found a runed translucent gate.
  6107 | D:7      | Identified the +3 chain mail of Voizujio {Regen+}
  6108 | D:7      | Found a runed translucent gate.
  6109 | D:7      | Found a runed translucent gate.
  6109 | D:7      | Noticed MadMike78's ghost (novice DsAl)
  6122 | D:7      | Found a roughly hewn altar of Beogh.
  6142 | D:7      | Found an iron altar of Okawaru.
  6179 | D:7      | Reached skill level 8 in Earth Magic
  6191 | D:7      | Found Liakeigi's Serpentskin Sales.
  6848 | D:8      | Found a hide-covered altar of Uskayaw.
  6848 | D:8      | Noticed a +0 hand axe
  6848 | D:8      | Noticed a +0 hand axe
  6898 | D:8      | Found an ornate altar of the Wu Jian Council.
  6939 | D:8      | Reached skill level 9 in Earth Magic
  7014 | D:8      | Noticed a two-headed ogre
  7019 | D:8      | Killed a two-headed ogre
  7020 | D:8      | Reached XP level 10. HP: 7/50 MP: 9/20
  7303 | D:8      | Offered knowledge of Freeze by Vehumet.
  7334 | D:8      | Reached skill level 10 in Earth Magic
  7373 | D:8      | Reached ** piety under Vehumet
  8276 | D:9      | Found a shimmering altar of Xom.
  8736 | D:9      | Found a staircase to the Lair.
  8768 | D:9      | Offered knowledge of Mercury Vapours by Vehumet.
  8862 | D:9      | Found Xaoxic's Antique Weapon Emporium.
  8936 | D:9      | Reached *** piety under Vehumet
  8937 | D:9      | Reached skill level 11 in Earth Magic
  9137 | D:9      | Found a staircase to the Orcish Mines.
  9275 | D:10     | Entered Level 10 of the Dungeon
  9420 | D:10     | Found a runed translucent gate.
  9421 | D:10     | Found a runed translucent gate.
  9421 | D:10     | Found a runed translucent gate.
  9421 | D:10     | Noticed a brown ugly thing
  9421 | D:10     | Noticed a green ugly thing
  9421 | D:10     | Noticed a steelbarb worm
  9423 | D:10     | Noticed a white ugly thing
  9424 | D:10     | Noticed a red ugly thing
  9427 | D:10     | Noticed a white ugly thing
  9652 | D:10     | Noticed Snorg
  9659 | D:10     | Mangled by Snorg

Illustrated notes

Levels and vault maps discovered:
D:1:      evilmike_arrival_plus, layout_basic, minivault_5, chequers_arboretum,
          minmay_pentomino_q2
D:2:      layout_loops_ring, ebering_ecumenical_altar_box, minmay_3d_cube
D:3:      layout_basic, mainiacjoe_overflow_tiny_flanked,
          minmay_gold_behind_fungi, uniq_sigmund
D:4:      layout_gridville, minmay_temple_entry_from_below_a,
          mainiacjoe_sewer_entry_somewhere_in_here_2
D:5:      layout_loops_corners, nicolae_yredelemnul_ghost_church,
          amcnicky_altar_gilded, nicolae_overflow_hidden_temple,
          uniq_crazy_yiuf_cottage
D:6:      layout_basic, hellmonk_overflow_destroyed_library, minivault_5,
          uniq_blork_the_orc
D:7:      layout_cave_pools, okawaru_metal_pillars_1_2,
          biasface_ghost_orc_armoury, guppyfry_shop_venom
D:8:      layout_basic, nicolae_overflow_crystal_walls, dancing_weapons_uskayaw
D:9:      layout_long_grid, mainiacjoe_overflow_small_starburst,
          erik_lair_orcish_takeover, erik_orc_2, serial_shops,
          nicolae_stop_n_shop_2
D:10:     layout_basic, ploomutoo_gammafunk_ghost_potion_laboratory, uniq_snorg
Temple:   hellmonk_temple_micro_hex

Skill      XL: |  1  2  3  4  5  6  7  8  9 10 |
---------------+-------------------------------+-----
Earth Magic    | 4 5 6 7 9 11 | 11.2
Dodging        | 2 |  2.9
Conjurations   | 2 3 4 6 8 9 |  9.8
Stealth        | 3 4 |  4.1
Spellcasting   | 3 4 5 7 8 |  8.5

Action                     |  1- 3 |  4- 6 |  7- 9 | 10-12 || total
---------------------------+-------+-------+-------+-------++-------
  Melee: Unarmed           |     5 |       |       |       ||     5
         Dagger            |     1 |     8 |    11 |     9 ||    29
   Cast: Sandblast         |    58 |    47 |   197 |    73 ||   375
         Stone Arrow       |       |       |    17 |    55 ||    72
  Evoke: Wand              |       |       |       |     1 ||     1
    Use: Scroll            |       |       |    10 |     4 ||    14
   Stab: Distracted        |       |       |       |     1 ||     1
 Armour: Robe              |    27 |    33 |   167 |    74 ||   301
  Dodge: Dodged            |    16 |    35 |   123 |   119 ||   293

Table legend: (Time is in decaauts)
 A = Elapsed time spent in this place.
 B = Non-inter-level travel time spent in this place.
 C = Inter-level travel time spent in this place.
 D = Time resting spent in this place.
 E = Time spent auto-exploring this place.
 F = Levels seen in this place.
 G = Mean time per level.
                   A        B        C        D        E       F      G
               +--------+--------+--------+--------+--------+-----+--------+
         Total |   9888 |   9451 |    437 |   1432 |   5895 |  12 |  824.0 |
       Dungeon |   9582 |   9154 |    428 |   1432 |   5698 |  10 |  958.2 |
        Temple |     10 |      2 |      8 |      0 |      0 |   1 |   10.0 |
         Sewer |    296 |    296 |      0 |      0 |    197 |   1 |  296.0 |
               +--------+--------+--------+--------+--------+-----+--------+

Top non-repeatable levels by time:
     D:9: 1630 daAuts
     D:5: 1352 daAuts
     D:2: 1210 daAuts
     D:1: 1048 daAuts
     D:6: 956 daAuts
     D:8: 931 daAuts
     D:7: 757 daAuts
     D:4: 702 daAuts
     D:3: 597 daAuts
    D:10: 395 daAuts
   Sewer: 296 daAuts
  Temple: 10 daAuts
